 Dungeon Crawl Stone Soup version 0.26-a0-812-g31a745ddcd (webtiles) character file.

Game seed: 1032895267052392410

800 kae the Insei (level 7, -5/40 HPs)
             Began as a Tengu Transmuter on Nov 23, 2020.
             Was an Initiate of Wu Jian.
             Slain by an orc warrior
             ... wielding a +0 war axe
              (11 damage)
             ... on level 6 of the Dungeon.
             The game lasted 00:04:45 (6704 turns).

kae the Insei (Tengu Transmuter)                    Turns: 6704, Time: 00:04:46

Health: -5/40      AC: 12    Str: 12    XL:     7   Next: 90%
Magic:  12/12      EV:  8    Int: 20    God:    Wu Jian [......]
Gold:   270        SH:  0    Dex: 14    Spells: 8/12 levels left

rFire    . . .     SeeInvis .     - Unarmed
rCold    . . .     Faith    .   (no shield)
rNeg     . . .     Spirit   .   q - +0 storm dragon scales
rPois    .         Reflect  .   (helmet restricted)
rElec    +         Harm     .   (no cloak)
rCorr    .         Rampage  .   o - +0 pair of gloves
MR       .....                  (boots unavailable)
Stlth    ..........             (no amulet)
HPRegen  0.13/turn              e - +6 ring of intelligence
MPRegen  0.13/turn              f - ring of flight

@: flying quickly and evasively, quick
A: beak, talons 3, able to fly
a: Stop Flying, Renounce Religion


You were on level 6 of the Dungeon.
You worshipped Wu Jian.
Wu Jian was noncommittal.
You visited 2 branches of the dungeon, and saw 7 of its levels.

You collected 270 gold pieces.

Inventory:

Armour
 a - a +0 robe
 b - a +0 ring mail of cold resistance
 o - a +0 pair of gloves (worn)
 q - +0 storm dragon scales (worn)
 r - the cursed +1 ring mail "Omiybrus" {Str+7, unknown}
   (You found it on level 4 of the Dungeon)

   It affects your strength (+7).
   It has a curse placed upon it.
 s - the cursed +1 leather armour of Qemip {rN+, unknown}
   (You found it on level 4 of the Dungeon)

   It protects you from negative energy.
   It has a curse placed upon it.
Jewellery
 e - a +6 ring of intelligence (left hand)
 f - a ring of flight (right hand)
 u - an uncursed ring of wizardry {unknown}
Scrolls
 d - 8 scrolls of identify
 g - a scroll of fear
 i - a scroll of blinking
 j - 3 scrolls of remove curse
 k - a scroll of amnesia
 m - a scroll of enchant weapon
 n - a scroll of fog
 t - a scroll of brand weapon {unknown}
 w - a scroll of teleportation {unknown}
Potions
 c - 2 potions of ambrosia
 h - a potion of resistance
 l - 2 potions of brilliance
 p - a potion of heal wounds {unknown}
 v - a potion of might {unknown}


   Skills:
 + Level 2.7 Fighting
 + Level 2.7 Armour
 + Level 3.6 Dodging
 * Level 5.6 Unarmed Combat
 + Level 3.2 Spellcasting
 * Level 3.7 Transmutations
 * Level 2.1 Poison Magic


You had 8 spell levels left.
You knew the following spells:

 Your Spells              Type           Power        Failure   Level
a - Beastly Appendage     Tmut           ###...       75%         1
b - Spider Form           Tmut/Pois      ###.......   99%         3

Your spell library contained the following spells:

 Spells                   Type           Power        Failure   Level
 Wereblood                Tmut           ###.....     87%         2
 Ice Form                 Ice/Tmut       ##......     100%        4
 Blade Hands              Tmut           ###.......   100%        5


Dungeon Overview and Level Annotations

Branches:
Dungeon (6/15)             Temple (1/1) D:4

Altars:
Cheibriados
Dithmenos
Elyvilon
Fedhas
Hepliaklqana
Kikubaaqudgha
Makhleb
Nemelex Xobeh
Qazlal
Sif Muna
Trog
Vehumet
Wu Jian
Xom
Yredelemnul
Zin
The Shining One

Annotations:
D:3 Grinder


Innate Abilities, Weirdness & Mutations

You have a beak for a mouth.
You have claws for feet.
You can fly continuously.


Message History

You closely miss the orc warrior.
The orc warrior is heavily wounded.
The orc warrior hits you but does no damage.
You punch the orc warrior! You peck the orc warrior.
The orc warrior is almost dead.
The orc warrior barely misses you.
You hit the orc warrior.
The orc warrior is almost dead.
You barely miss the orc warrior. Your peck misses the orc warrior.
The orc warrior is almost dead.
The orc warrior barely misses you.
Your storm dragon scales prevents you from hitting the orc warrior.
Your kick misses the orc warrior.
The orc warrior is almost dead.
The orc warrior hits you with a +0 war axe!
* * * LOW HITPOINT WARNING * * *
You barely miss the orc warrior.
The orc warrior is almost dead.
The orc warrior hits you with a +0 war axe!
You die...

#.#.# #(#.#
#.#.# #<#.#
#.#.# #.#.#
##.#.#
####../.######
#.........@oB.#
#.###....###...#
####.# ...# ###
...# ..# ^# #


You could see an orc warrior and a giant cockroach.

Vanquished Creatures
  2 ice beasts
  A black bear (D:6)
  A phantom (D:4)
  2 orc priests (D:3)
  A hound (D:4)
  Jessica (D:2)
  Natasha (thrice) (D:2)
  A worker ant (D:5)
  A hound zombie (D:5)
  Robin (D:3)
  8 adders
  An ufetubus (D:5)
  2 oozes (D:2)
  An adder zombie (D:5)
  A worm (D:2)
  3 dart slugs
  4 leopard geckos
  12 orcs
  9 giant cockroaches
  9 hobgoblins
  3 jackals
  A quokka (D:2)
  A ball python (D:4)
  7 bats
  15 goblins
  7 kobolds
  6 rats
104 creatures vanquished.

Notes
Turn   | Place    | Note
-------+----------+-------------------------------------------
     0 | D:1      | kae the Tengu Transmuter began the quest for the Orb.
     0 | D:1      | Reached XP level 1. HP: 12/12 MP: 4/4
   348 | D:1      | Reached XP level 2. HP: 16/16 MP: 6/6
   864 | D:1      | Reached XP level 3. HP: 9/20 MP: 7/7
  1415 | D:2      | Noticed Natasha
  1424 | D:2      | Killed Natasha
  1424 | D:2      | Reached skill level 4 in Unarmed Combat
  1424 | D:2      | Reached XP level 4. HP: 21/25 MP: 6/8
  1471 | D:2      | Learned a level 3 spell: Spider Form
  1552 | D:2      | Found a faded altar of an unknown god.
  1586 | D:2      | Noticed Jessica
  1595 | D:2      | Killed Jessica
  1595 | D:2      | Reached skill level 1 in Armour
  1833 | D:2      | Gained mutation: You can fly continuously. [Tengu growth]
  1833 | D:2      | Reached XP level 5. HP: 28/30 MP: 9/9
  1950 | D:2      | Noticed Natasha
  1956 | D:2      | Killed Natasha
  2490 | D:2      | Noticed Natasha
  2495 | D:2      | Killed Natasha
  2580 | D:2      | Found a faded altar of an unknown god.
  2966 | D:3      | Noticed Robin
  3342 | D:3      | Noticed Grinder
  3500 | D:3      | Killed Robin
  3500 | D:3      | Reached XP level 6. HP: 31/35 MP: 9/11
  4851 | D:4      | Reached skill level 5 in Unarmed Combat
  4943 | D:4      | Noticed an ice beast
  4952 | D:4      | Killed an ice beast
  4952 | D:4      | Reached XP level 7. HP: 40/40 MP: 6/12
  5061 | D:4      | Reached skill level 1 in Poison Magic
  5203 | D:4      | Found a staircase to the Ecumenical Temple.
  5356 | Temple   | Entered the Ecumenical Temple
  5420 | Temple   | Became a worshipper of the Wu Jian Council
  5826 | D:4      | Found a stormy altar of Qazlal.
  6184 | D:4      | Got a twisted ring mail
  6187 | D:4      | Got an ichor-stained leather armour
  6243 | D:5      | Entered Level 5 of the Dungeon
  6704 | D:6      | Slain by an orc warrior

Illustrated notes

Levels and vault maps discovered:
D:1:      mainiacjoe_arrival_reflecting_pool, layout_loops_corners
D:2:      layout_loops_ring, chequers_ecumenical_altar_simple, uniq_natasha,
          uniq_jessica
D:3:      layout_loops_ring, minmay_puff, uniq_grinder, uniq_robin
D:4:      layout_gridville, old_standard_altar, minmay_temple_entry_trees
D:5:      layout_basic
D:6:      cheibrodos_iron_armory, layout_loops_ring, serial_shops, shop,
          kennysheep_little_box, nicolae_shop_temple_entry_statues_fountains,
          shop_statue, trog_butcher_becter, uniq_maggie, uniq_blork_the_orc,
          uniq_duvessa
Temple:   nicolae_temple_x_marks_the_god

Skill      XL: |  1  2  3  4  5  6  7 |
---------------+----------------------+-----
Transmutations | 2 3 |  3.7
Unarmed Combat | 4 5 |  5.6
Armour         | 1 2 |  2.7
Fighting       | 2 |  2.7
Dodging        | 3 |  3.6
Spellcasting   | 3 |  3.2
Poison Magic   | 2 |  2.1

Action                   |  1- 3 |  4- 6 |  7- 9 || total
-------------------------+-------+-------+-------++-------
Melee: Unarmed           |    85 |   141 |   105 ||   331
       Kick              |    18 |    21 |    28 ||    67
       Peck              |     8 |    11 |    21 ||    40
       Headbutt          |     7 |    11 |     4 ||    22
       Punch             |     1 |     2 |     2 ||     5
 Cast: Beastly Appendage |    11 |    26 |     4 ||    41
       Spider Form       |       |     4 |     2 ||     6
Invok: Lunge             |       |       |     3 ||     3
 Abil: Fly               |       |     1 |       ||     1
  Use: Scroll            |       |    10 |       ||    10
       Potion            |       |     2 |       ||     2
Armor: Ring mail         |    29 |    23 |       ||    52
       Skin              |       |     8 |       ||     8
       Robe              |       |     3 |     2 ||     5
       Storm dragon scal |       |       |    25 ||    25
Dodge: Dodged            |    43 |    92 |    72 ||   207

Table legend: (Time is in decaauts)
 A = Elapsed time spent in this place.
 B = Non-inter-level travel time spent in this place.
 C = Inter-level travel time spent in this place.
 D = Time resting spent in this place.
 E = Time spent auto-exploring this place.
 F = Levels seen in this place.
 G = Mean time per level.
                   A        B        C        D        E       F      G
               +--------+--------+--------+--------+--------+-----+--------+
         Total |   6406 |   6114 |    292 |    651 |   4635 |   7 |  915.1 |
       Dungeon |   6340 |   6067 |    273 |    651 |   4590 |   6 | 1056.7 |
        Temple |     65 |     47 |     18 |      0 |     45 |   1 |   65.0 |
               +--------+--------+--------+--------+--------+-----+--------+

Top non-repeatable levels by time:
     D:2: 2229 daAuts
     D:4: 1465 daAuts
     D:3: 1147 daAuts
     D:1: 1073 daAuts
     D:5: 404 daAuts
  Temple: 65 daAuts
     D:6: 20 daAuts
